 Dungeon Crawl Stone Soup version 0.29-a0-375-g5102b3be25 (webtiles) character file.

Game seed: 2476453338961234677

229 snetch the Magician (level 6, -1/40 HPs)
             Began as a Djinni Fire Elementalist on May 3, 2022.
             Was an Initiate of Gozag.
             Slain by a water moccasin (3 damage)
             ... on level 4 of the Dungeon.
             The game lasted 00:13:27 (4868 turns).

snetch the Magician (Djinni Fire Elementalist)      Turns: 4868, Time: 00:13:28

Health: -1/40      AC:  5    Str: 13    XL:     6   Next: 23%
Gold:   696        EV: 12    Int: 19    God:    Gozag SH:  0 Dex: 13

rFire   + + .      SeeInvis .   a - +2 dagger (protect)
rCold   x . .      Faith    .   (no shield)
rNeg    . . .      Spirit   .   l - +1 leather armour {rPois}
rPois   ∞          Reflect  .   (no helmet)
rElec   .          Harm     .   h - scarf {shadows}
rCorr   .          Rampage  .   d - +0 pair of gloves
Will    .....                   (boots unavailable)
Stlth   ++........              (no amulet)
HPRegen 0.13/turn               p - +6 ring of strength
MPRegen 0.00/turn               (no ring)

@: gold aura, flying, very slightly contaminated
A: sickness immunity, fire resistance 2, cold vulnerability 1, float, innate
caster, HP casting, extra vitality 1
a: Renounce Religion, Potion Petition, Call Merchant, Bribe Branch


You were on level 4 of the Dungeon.
You worshipped Gozag.
Gozag was pleased with you.
You visited 1 branch of the dungeon, and saw 4 of its levels.

You collected 696 gold pieces.

Inventory:

Hand Weapons
 a - a +2 dagger of protection (weapon)
Missiles
 e - 90 stones
 u - 3 poisoned darts
 y - 2 throwing nets
Armour
 d - a +0 pair of gloves (worn)
 f - a +0 scale mail
 h - a scarf of shadows (worn)
 l - a +1 leather armour of poison resistance (worn)
 s - an orb of mayhem
Jewellery
 p - a +6 ring of strength (left hand)
Scrolls
 b - 5 scrolls of identify {unknown}
 c - a scroll of summoning {unknown}
 i - a scroll of silence {unknown}
 m - a scroll of poison {unknown}
 q - a scroll of vulnerability {unknown}
 r - a scroll of magic mapping {unknown}
 z - a scroll of fear {unknown}
Potions
 g - 2 potions of mutation {unknown}
 j - a potion of haste {unknown}
 k - a potion of lignification {unknown}
 n - 4 potions of curing {unknown}
 o - a potion of degeneration {unknown}
 t - 2 potions of berserk rage
 v - a potion of heal wounds {unknown}
 w - a potion of invisibility {unknown}
 x - a potion of resistance {unknown}


   Skills:
 + Level 0.1 Fighting
 + Level 0.8 Armour
 + Level 2.7 Dodging
 + Level 2.2 Stealth
 + Level 4.5 Spellcasting


You couldn't memorise any spells.
You knew the following spells:

 Your Spells              Type           Power      Damage    Failure   Level
a - Foxfire               Conj/Fire      84%        2x1d8     2%          1
b - Scorch                Fire           42%        2d7       3%          2
c - Conjure Flame         Conj/Fire      21%        6-21      8%          3
d - Inner Flame           Hex/Fire       21%        N/A       8%          3
e - Flame Wave            Conj/Fire      21%        2d7       26%         4
f - Magic Dart            Conj           84%        1d7       2%          1
g - Poisonous Vapours     Pois/Air       42%        N/A       3%          2
Your spell library was empty.

Dungeon Overview and Level Annotations

Branches:
Dungeon (4/15)
 Temple: D:4-7

Altars:
Gozag
Sif Muna

Shops:
D:4 *:

Annotations:
D:1 scroll behind statues
D:3 3 runed translucent doors, royokou's ghost, amateur DjWz


Innate Abilities, Weirdness & Mutations

You are immune to sickness and miasma.
You are immune to poison.
Your flesh is very heat resistant. (rF++)
You are vulnerable to cold. (rC-)
You float through the air rather than walking.
You learn spells naturally, not from books.
Your magical power is your life essence.
You have superior vitality. (+4 MHP)


Message History

The water moccasin bites you!
* * * LOW HITPOINT WARNING * * *
Casting: Scorch (safe; 3% risk of failure)
Confirm with . or Enter, or press ? or * to list all spells.
Flames lash the endoplasm.
You kill the endoplasm!
* * * LOW HITPOINT WARNING * * *
The water moccasin bites you but does no damage. x2
Unknown command.
Casting: Scorch (safe; 3% risk of failure)
Confirm with . or Enter, or press ? or * to list all spells.
Flames lash the adder.
You kill the adder!
* * * LOW HITPOINT WARNING * * *
The water moccasin bites you.
* * * LOW HITPOINT WARNING * * *
The water moccasin closely misses you.
Casting: Scorch (safe; 3% risk of failure)
Confirm with . or Enter, or press ? or * to list all spells.
The spell is quite dangerous to miscast (26% risk of failure)!
Continue anyway?
Casting: Flame Wave (quite dangerous; 26% risk of failure)
Press: ? - help, Dir - look around, f - activate You miscast Flame Wave.
You are very lightly contaminated with residual magic.
Nothing appears to happen.
* * * LOW HITPOINT WARNING * * *
The water moccasin closely misses you.
You reach down and open the door.
The water moccasin closely misses you. The water moccasin barely misses you.
There is an open door here.
The water moccasin attacks as you move away!
The water moccasin closely misses you.
The water moccasin is distracted by your dazzling golden aura.
The water moccasin bites you but does no damage.
There is an entrance to Zuabatedgh's Serpentskin Sales here.
There is an open door here.
The water moccasin is no longer distracted by gold.
The water moccasin bites you.
You die...
Your body crumbles into a pile of gold.

#...$....# ##..
#.###...## #... #S#
##'## #.## ##'##
#.#########.## #...#
#.##........##
#.∩.###.##)######.##
#...##..[#..........
##S##.......#####..#
#.@...........##..#
######.##..##......
#.##.... ....#
#.###........# #.#
########## .#


You could see 2 water moccasins.

Vanquished Creatures
  Jessica (D:2)
  An orc wizard (D:4)
  3 gnolls (D:3)
  5 adders
  2 worms
  3 dart slugs
  9 orcs
  7 endoplasms
  2 giant cockroaches
  14 goblins
  4 hobgoblins
  2 jackals (D:2)
  6 kobolds
  5 quokkas
  7 ball pythons
  3 bats (D:1)
  4 frilled lizards
  5 rats
83 creatures vanquished.

Vanquished Creatures (others)
  112 foxfires
112 creatures vanquished.

Grand Total: 195 creatures vanquished

Notes
Turn   | Place    | Note
-------+----------+-------------------------------------------
     0 | D:1      | snetch the Djinni Fire Elementalist began the quest for the
                  | Orb.
     0 | D:1      | Reached XP level 1. HP: 15/15 MP: 0/0
   103 | D:1      | Found a faded altar of an unknown god.
   111 | D:1      | Prayed at the altar of an unknown god.
   111 | D:1      | Became a worshipper of Gozag Ym Sagoz the Greedy
   235 | D:1      | Reached XP level 2. HP: 15/21 MP: 0/0
   647 | D:1      | Reached skill level 3 in Spellcasting
   895 | D:2      | Reached XP level 3. HP: 21/25 MP: 0/0
   895 | D:2      | Learned a level 1 spell: Magic Dart
  2010 | D:2      | Noticed Jessica
  2013 | D:2      | Killed Jessica
  2014 | D:2      | Reached XP level 4. HP: 27/31 MP: 0/0
  2626 | D:2      | Reached XP level 5. HP: 31/35 MP: 0/0
  2626 | D:2      | Learned a level 2 spell: Poisonous Vapours
  3394 | D:4      | Reached skill level 4 in Spellcasting
  3524 | D:3      | Noticed royokou's ghost (amateur DjWz)
  3528 | D:3      | Found a runed translucent gate.
  3528 | D:3      | Found a runed translucent gate.
  3528 | D:3      | Found a runed translucent gate.
  4272 | D:4      | Found Vesin's Book Shop.
  4498 | D:4      | Reached XP level 6. HP: 30/40 MP: 0/0
  4842 | D:4      | Found Zuabatedgh's Serpentskin Sales.
  4842 | D:4      | Noticed a water moccasin
  4842 | D:4      | Noticed a water moccasin
  4842 | D:4      | Noticed a water moccasin
  4868 | D:4      | Slain by a water moccasin

Illustrated notes

Levels and vault maps discovered:
D:1:      minmay_arrival_wavy_path, layout_basic,
          hellmonk_ecumenical_altar_leap_of_faith, kennysheep_pointless_box,
          minmay_statues_item, minmay_pentomino_w4
D:2:      layout_basic, hangedman_decor_clover_reticule, minivault_25,
          uniq_jessica
D:3:      layout_basic, led_sif_pool, gammafunk_ghost_split
D:4:      layout_loops_corners, nzn_hepliaklqana_mist_gate,
          kennysheep_mini_moat, xom_butterflies, serial_shops,
          nicolae_shop_temple_entry_statues_fountains, guppyfry_shop_venom

Skill      XL: |  1  2  3  4  5 |
---------------+----------------+-----
Spellcasting   | 3 4 |  4.5
Stealth        | 2 |  2.2
Fighting       | |  0.1
Armour         | |  0.8
Dodging        | |  2.7

Action                   |  1- 3 |  4- 6 || total
-------------------------+-------+-------++-------
Melee: Dagger            |     5 |    28 ||    33
 Cast: Foxfire           |    41 |    23 ||    64
       Scorch            |    21 |    42 ||    63
Armor: Robe              |     2 |       ||     2
       Leather armour    |       |    27 ||    27
Dodge: Dodged            |     8 |    30 ||    38

Table legend: (Time is in decaauts)
 A = Elapsed time spent in this place.
 B = Non-inter-level travel time spent in this place.
 C = Inter-level travel time spent in this place.
 D = Time resting spent in this place.
 E = Time spent auto-exploring this place.
 F = Levels seen in this place.
 G = Mean time per level.
                   A        B        C        D        E       F      G
               +--------+--------+--------+--------+--------+-----+--------+
         Total |   4877 |   4746 |    131 |      0 |   3651 |   4 | 1219.2 |
       Dungeon |   4877 |   4746 |    131 |      0 |   3651 |   4 | 1219.2 |
               +--------+--------+--------+--------+--------+-----+--------+

Top non-repeatable levels by time:
     D:1: 2181 daAuts
     D:3: 964 daAuts
     D:2: 953 daAuts
     D:4: 779 daAuts
